 Dungeon Crawl Stone Soup version 0.30-a0-358-g0d69a1922f (webtiles) character file.

Game seed: 15387308849787509437

124 mopl the Sneak (level 5, 0/36 HPs)
             Began as an Octopode Brigand on Nov 9, 2022.
             Splashed by a jelly's acid (4 damage)
             ... on level 4 of the Dungeon.
             The game lasted 00:01:57 (1121 turns).

mopl the Sneak (Octopode Brigand)                   Turns: 1121, Time: 00:01:57

Health: 0/36       AC: -3    Str: 11    XL:     5   Next: 8%
Magic:  5/5        EV: 13    Int: 15    God:
Gold:   130        SH:  0    Dex: 13    Spells: 4/4 levels left

rFire   . . .      SeeInvis .    a - +2 dagger
rCold   . . .      Faith    .    (no shield)
rNeg    . . .      Spirit   .    (helmet restricted)
rPois   .          Reflect  .    (no amulet)
rElec   .          Harm     .    (no ring)
rCorr   .          Rampage  .    (no ring)
Will    .....                    (no ring)
Stlth   ++++......               (no ring)
HPRegen 0.26/turn                (no ring)
MPRegen 0.09/turn                (no ring)
                                 (no ring)
                                 (no ring)

@: corroded
A: almost no armour, amphibious, 8 rings, camouflage 1, gelatinous body 1,
(nimble swimmer 1), tentacles
a: no special abilities


You were on level 4 of the Dungeon.
You visited 1 branch of the dungeon, and saw 3 of its levels.

You collected 130 gold pieces.

Inventory:

Hand Weapons
 a - a +2 dagger (weapon)
Missiles
 b - 19 poisoned darts (quivered)
 c - 3 curare-tipped darts
Scrolls
 e - a scroll of teleportation {unknown}
 f - 3 scrolls of identify {unknown}
 h - 3 scrolls of enchant armour {unknown}
 i - a scroll of magic mapping {unknown}
 k - a scroll of brand weapon {unknown}
Potions
 d - 2 potions of flight {unknown}
 g - a potion of attraction {unknown}
 j - a potion of might {unknown}


   Skills:
 + Level 3.0 Fighting
 - Level 2.0 Short Blades
 + Level 3.0 Throwing
 + Level 2.4 Dodging
 + Level 6.2 Stealth


You had 4 spell levels left.
You didn't know any spells.
Your spell library was empty.

Dungeon Overview and Level Annotations

Branches:
Dungeon (4/15)
 Temple: D:4-7

Altars:
Sif Muna

Shops:
D:1 :


Innate Abilities, Weirdness & Mutations

You cannot wear most types of armour.
You are amphibious.
You can wear up to eight rings at the same time.
Your skin changes colour to match your surroundings (Stealth+).
Your rubbery body absorbs attacks. (AC +1, EV +1)
((You are camouflaged when in or above water. (Stealth+)))
You have tentacles for arms and can constrict up to eight enemies at once.


Message History

You aren't carrying any items that you can evoke.
Throw: 23 darts (poison)
Press: ? - help, Q - select action, (/) - cycle Shift-Dir - straight line, f - jelly
Aim: a jelly (89% to hit)
You throw a poisoned dart. The poisoned dart hits the jelly.
The jelly is poisoned.
Unknown command.
Throw: 22 darts (poison)
Press: ? - help, Q - select action, (/) - cycle Shift-Dir - straight line, f/p - jelly
Aim: a jelly (poisoned, 89% to hit)
You throw a poisoned dart. The poisoned dart hits the jelly!
Unknown command.
The jelly looks more healthy.
Throw: 21 darts (poison)
Press: ? - help, Q - select action, (/) - cycle Shift-Dir - straight line, f/p - jelly
Aim: a jelly (moderately wounded, 89% to hit)
You throw a poisoned dart. The poisoned dart hits the jelly!
The jelly is moderately wounded.
Unknown command.
Throw: 20 darts (poison)
Press: ? - help, Q - select action, (/) - cycle Shift-Dir - straight line, f/p - jelly
Aim: a jelly (moderately wounded, 89% to hit)
You throw a poisoned dart.
The poisoned dart barely misses the jelly.
The jelly hits you. The acid corrodes you!
You are splashed with acid.
You hit the jelly but do no damage.
Your tentacles burn!
You tentacle-slap the jelly, but do no damage.
You squeeze the jelly.
The jelly is severely wounded.
The jelly barely misses you.
You hit the jelly but do no damage.
Your tentacles burn!
The jelly is severely wounded.
The jelly hits you. The acid corrodes you!
You are splashed with acid!
* * * LOW HITPOINT WARNING * * *
You hit the jelly but do no damage.
Your tentacles burn!
* * * LOW HITPOINT WARNING * * *
The jelly is severely wounded.
The jelly barely misses you.
You hit the jelly.
Your tentacles burn!
You die...

.#..)......#.# #....
.........(...####... ##
......#........##..###.##
...####........##.......###
................#.#.......#
.#........................#
#............(...........#
##............J....#######
####............@..####
...................##.###
.......#.....##.........#
#....#.#.....>.........##
.....##..........#.....#
.................##.....#
.#.....#....).....##...##
.....#...#........######
#........#........#


You could see a jelly.

Vanquished Creatures
  A scorpion (D:4)
  A gnoll (D:1)
  3 worms
  2 dart slugs
  5 ball pythons
  2 endoplasms (D:4)
  A giant cockroach (D:1)
  4 goblins
  5 hobgoblins
  6 jackals
  2 kobolds
  A quokka (D:2)
  A frilled lizard (D:1)
  4 rats
38 creatures vanquished.

Notes
Turn   | Place    | Note
-------+----------+-------------------------------------------
     0 | D:1      | mopl the Octopode Brigand began the quest for the Orb.
     0 | D:1      | Reached XP level 1. HP: 14/14 MP: 1/1
   114 | D:1      | Reached XP level 2. HP: 19/19 MP: 2/2
   116 | D:1      | Found Tiosol's Book Boutique.
   450 | D:1      | Reached XP level 3. HP: 25/25 MP: 3/3
   775 | D:2      | Found a shimmering blue altar of Sif Muna.
   924 | D:2      | Found a faded altar of an unknown god.
   960 | D:2      | Reached skill level 2 in Dodging
  1017 | D:2      | You fall into a shaft and drop 2 floors!
  1031 | D:4      | Reached XP level 4. HP: 21/30 MP: 4/4
  1039 | D:4      | Noticed a scorpion
  1049 | D:4      | Killed a scorpion
  1050 | D:4      | Reached skill level 3 in Fighting
  1050 | D:4      | Reached skill level 3 in Throwing
  1050 | D:4      | Reached skill level 6 in Stealth
  1050 | D:4      | Reached XP level 5. HP: 27/36 MP: 5/5
  1121 | D:4      | Splashed by a jelly's acid

Illustrated notes

Levels and vault maps discovered:
D:1:      dpeg_arrival_rooms_b, layout_rooms, serial_shops,
          nicolae_lakefront_shop
D:2:      minmay_evil_eye, layout_basic, shapermc_ecumenical_altar_mp_vishouse,
          basic_altar, grunt_decor_resistance, minmay_curled_crystal,
          kennysheep_generic_room_14
D:4:      layout_cave_pools, serial_undead, serial_undead_f, serial_undead_d,
          serial_undead_b, serial_undead_e, serial_undead_d, serial_undead_a,
          serial_undead_b, nicolae_figureground_sparkle,
          uniq_crazy_yiuf_cottage, uniq_menkaure

Skill      XL: |  1  2  3  4 |
---------------+-------------+-----
Dodging        | 2 |  2.4
Fighting       | 3 |  3.0
Throwing       | 3 |  3.0
Stealth        | 6 |  6.2
Short Blades   | |  2.0

Action                   |  1- 3 |  4- 6 || total
-------------------------+-------+-------++-------
Melee: Dagger            |    58 |    13 ||    71
       Tentacles         |     9 |     4 ||    13
       Constrict         |    12 |     2 ||    14
       Punch             |     1 |     1 ||     2
Throw: Dart              |       |     7 ||     7
 Stab: Sleeping          |    16 |       ||    16
Armor: Skin              |     3 |       ||     3
Dodge: Dodged            |    30 |     7 ||    37

Table legend: (Time is in decaauts)
 A = Elapsed time spent in this place.
 B = Non-inter-level travel time spent in this place.
 C = Inter-level travel time spent in this place.
 D = Time resting spent in this place.
 E = Time spent auto-exploring this place.
 F = Levels seen in this place.
 G = Mean time per level.
                   A        B        C        D        E       F      G
               +--------+--------+--------+--------+--------+-----+--------+
         Total |   1112 |   1105 |      7 |     58 |    804 |   3 |  370.7 |
       Dungeon |   1112 |   1105 |      7 |     58 |    804 |   3 |  370.7 |
               +--------+--------+--------+--------+--------+-----+--------+

Top non-repeatable levels by time:
     D:1: 600 daAuts
     D:2: 411 daAuts
     D:4: 101 daAuts
